 Dungeon Crawl Stone Soup version 0.29.0-13-gc9e81de378 (webtiles) character file.

Game seed: 2315917805407819801

185 Persephone the Chopper (level 5, -3/47 HPs)
             Began as a Minotaur Monk on Sept 7, 2022.
             Slain by Ijyb
             ... wielding a +0 club
              (4 damage)
             ... on level 3 of the Dungeon.
             The game lasted 00:04:05 (2907 turns).

Persephone the Chopper (Minotaur Monk)              Turns: 2907, Time: 00:04:06

Health: -3/47      AC:  2    Str: 18    XL:     5   Next: 37%
Magic:  4/4        EV: 15    Int:  7    God:
Gold:   235        SH:  0    Dex: 24    Spells: 4/4 levels left

rFire   . . .      SeeInvis .   a - +0 hand axe
rCold   . . .      Faith    .   (no shield)
rNeg    . . .      Spirit   .   b - +0 robe
rPois   .          Reflect  .   (helmet restricted)
rElec   .          Harm     .   (no cloak)
rCorr   .          Rampage  .   (no gloves)
Will    .....                   (no boots)
Stlth   +++.......              (no amulet)
HPRegen 0.15/turn               e - +6 ring of dexterity
MPRegen 0.09/turn               q - +6 ring of dexterity

@: no status effects
A: horns 2, retaliatory headbutt
a: no special abilities


You were on level 3 of the Dungeon.
You visited 1 branch of the dungeon, and saw 3 of its levels.

You collected 235 gold pieces.

Inventory:

Hand Weapons
 a - a +0 hand axe (weapon)
Armour
 b - a +0 robe (worn)
Jewellery
 e - a +6 ring of dexterity (left hand)
 j - a ring of flight
 o - an amulet of magic regeneration
 q - a +6 ring of dexterity (right hand)
Scrolls
 d - 2 scrolls of identify {unknown}
 f - a scroll of immolation {unknown}
 g - a scroll of teleportation {unknown}
 h - a scroll of amnesia {unknown}
 l - 2 scrolls of enchant weapon {unknown}
 m - 2 scrolls of poison {unknown}
 s - a scroll of noise {unknown}
Potions
 i - a potion of degeneration {unknown}
 n - a potion of berserk rage {unknown}
 p - 2 potions of heal wounds {unknown}
 r - a potion of lignification {unknown}
 t - a potion of attraction {unknown}


   Skills:
 + Level 4.8 Fighting
 + Level 4.9 Axes
 + Level 4.4 Dodging
 + Level 2.8 Stealth


You had 4 spell levels left.
You didn't know any spells.
Your spell library contained the following spells:

 Spells                   Type           Power      Damage    Failure   Level
 Apportation              Tloc           0%         N/A       43%         1
 Sandblast                Erth           0%         2d4       43%         1
 Passwall                 Tmut/Erth      0%         N/A       56%         2
 Stone Arrow              Conj/Erth      0%         3d7       80%         3
 Alistair's Intoxication  Tmut/Pois      0%         N/A       100%        5


Dungeon Overview and Level Annotations

Branches:
Dungeon (3/15)

Altars:

Shops:
D:3 ?

Annotations:
D:3 Ijyb


Innate Abilities, Weirdness & Mutations

You have a pair of horns on your head.
You reflexively headbutt those who attack you in melee.


Message History

You bump into the rock wall.
Ijyb closely misses you. The grasping roots constrict you.
You bump into the rock wall.
Ijyb hits you with a +0 club. The grasping roots constrict you.
The grasping roots release their grip on you.
You bump into the rock wall.
Ijyb zaps a wand.
The roots erupt in riotous growth!
The grasping roots grab you!
Ijyb is unaffected.
The grasping roots constrict you!
You hit Ijyb.
Ijyb is moderately wounded.
You feel less invigorated.
You feel less confused. Ijyb hits you with a +0 club.
The grasping roots constrict you.
The grasping roots release their grip on you.
You hit Ijyb but do no damage.
Ijyb is moderately wounded.
Ijyb barely misses you. You furiously retaliate!
You headbutt Ijyb, but do no damage. You closely miss Ijyb.
Ijyb is moderately wounded.
Ijyb zaps a wand.
The roots erupt in riotous growth!
The grasping roots grab you!
Ijyb is unaffected.
The grasping roots constrict you.
* * * LOW HITPOINT WARNING * * *
You barely miss Ijyb. Your headbutt misses Ijyb.
Ijyb is moderately wounded.
Ijyb hits you with a +0 club.
* * * LOW HITPOINT WARNING * * *
The grasping roots constrict you.
* * * LOW HITPOINT WARNING * * *
You closely miss Ijyb.
Ijyb is moderately wounded.
Ijyb hits you but does no damage. The grasping roots constrict you.
* * * LOW HITPOINT WARNING * * *
The grasping roots release their grip on you.
You hit Ijyb.
Ijyb is moderately wounded.
Ijyb hits you with a +0 club.
You die...

#.#.#<# #.#.#.#
#.#.#.# #.#.#.#
###### #.#.#.###....#
#.#.#........#
#.#.#..##.####### #
##.#.#...#.......###.
#..#@##..#######.....
##.#g#...# ###.....
#.#g#########.......
##.#K........#.#.....
#..#..######.#.#.....
##.#..# #.....####
#.#..# ####.######
#.#..# #>..........
##.#..###############


You could see Ijyb, a gnoll and a kobold.

Vanquished Creatures
  Natasha (thrice) (D:2)
  A gnoll (D:3)
  4 adders
  A worm (D:3)
  A dart slug (D:1)
  6 ball pythons
  2 bats (D:1)
  3 endoplasms
  3 giant cockroaches
  11 goblins
  4 hobgoblins
  7 jackals (D:1)
  7 kobolds
  A quokka (D:1)
  4 rats
58 creatures vanquished.

Notes
Turn   | Place    | Note
-------+----------+-------------------------------------------
     0 | D:1      | Persephone the Minotaur Monk began the quest for the Orb.
     0 | D:1      | Reached XP level 1. HP: 19/19 MP: 0/0
    90 | D:1      | Noticed a shining eye
    93 | D:1      | Found a faded altar of an unknown god.
    95 | D:1      | Noticed a floating eye
    95 | D:1      | Noticed a floating eye
    95 | D:1      | Noticed a floating eye
   164 | D:1      | Reached XP level 2. HP: 27/27 MP: 1/1
   867 | D:1      | You fall into a shaft and drop 1 floor!
   960 | D:2      | Noticed Natasha
   963 | D:2      | Killed Natasha
   964 | D:2      | Reached XP level 3. HP: 22/33 MP: 2/2
  1110 | D:2      | Noticed Natasha
  1118 | D:2      | Killed Natasha
  1119 | D:2      | Reached XP level 4. HP: 28/41 MP: 3/3
  2202 | D:2      | Noticed Natasha
  2219 | D:2      | Killed Natasha
  2431 | D:2      | Reached XP level 5. HP: 43/47 MP: 4/4
  2719 | D:3      | Found Myippeg's Magic Scroll Shoppe.
  2830 | D:3      | Noticed Ijyb
  2858 | D:3      | HP: 2/47 [gnoll/+0 club (4)]
  2871 | D:3      | HP: 1/47 [gnoll/+0 club (7)]
  2906 | D:3      | HP: 1/47 [constriction (2)]
  2907 | D:3      | Slain by Ijyb

Illustrated notes

Levels and vault maps discovered:
D:1:      scummos_arrival_hexagon, layout_basic,
          hellmonk_ecumenical_altar_watching_god, palyth_stone_intersect,
          corexii_corridor_pit, chequers_serial_rivers_small_b, corner_web_ring
D:2:      kennysheep_big_flooded_room, layout_loops_ring,
          minmay_split_cup_small, uniq_natasha
D:3:      layout_basic, serial_shops, shop_coins, patterned_corridor,
          uniq_grinder, uniq_ijyb

Skill      XL: |  1  2  3  4 |
---------------+-------------+-----
Axes           | 4 |  4.9
Stealth        | 2 |  2.8
Fighting       | 4 |  4.8
Dodging        | 4 |  4.4

Action                   |  1- 3 |  4- 6 || total
-------------------------+-------+-------++-------
Melee: Hand axe          |    48 |    75 ||   123
       Headbutt          |     8 |    11 ||    19
  Use: Potion            |       |     4 ||     4
 Stab: Sleeping          |     2 |     5 ||     7
Armor: Robe              |     4 |    11 ||    15
Dodge: Dodged            |    37 |    69 ||   106
